 Dungeon Crawl Stone Soup version 0.31-a0-986-g5e6e4ef867 (webtiles) character file.

Game seed: 15345990716274283834

102 Dittersdorf the Trooper (level 5, -1/42 HPs)
             Began as a Human Fighter on Nov 7, 2023.
             Killed by nerve-wracking pain
             ... invoked by Grinder
              (8 damage)
             ... while paralysed by Grinder
             ... on level 3 of the Dungeon.
             The game lasted 00:01:46 (1727 turns).

Dittersdorf the Trooper (Human Fighter)             Turns: 1727, Time: 00:01:47

Health: -1/42      AC:  7    Str: 19    XL:     5   Next: 5%
Magic:  5/5        EV:  2    Int:  8    God:
Gold:   138        SH:  0    Dex: 12    Spells: 4/4 levels left

rFire   . . .        a - +0 long sword
rCold   . . .        c - +0 buckler
rNeg    . . .        b - +0 scale mail
rPois   .            (no helmet)
rElec   .            (no cloak)
rCorr   .            (no gloves)
SInv    .            (no boots)
Will    .....        (no amulet) Stlth
                     (no ring)
HPRegen 0.27/turn    (no ring)
MPRegen 0.09/turn

%: no passive effects
@: paralysed, mighty
A: no striking features
a: no special abilities


You were on level 3 of the Dungeon.
You visited 1 branch of the dungeon, and saw 3 of its levels.

You collected 138 gold pieces.

Inventory:

Hand Weapons
 a - a +0 long sword (weapon)
Armour
 b - a +0 scale mail (worn)
 c - a +0 buckler (worn)
Scrolls
 e - a scroll of identify {unknown}
 f - a scroll of amnesia {unknown}
 g - a scroll of blinking {unknown}
 h - a scroll of enchant armour {unknown}
 i - a scroll of vulnerability {unknown}
 j - 2 scrolls of poison {unknown}
Potions
 d - a potion of might


   Skills:
 + Level 3.7 Fighting
 + Level 2.9 Long Blades
 + Level 3.7 Armour
 + Level 3.6 Shields


You had 4 spell levels left.
You didn't know any spells.
Your spell library was empty.

Dungeon Overview and Level Annotations

Branches:
Dungeon (3/15)

Altars:

Shops:
D:1 (!((   D:2 ?

Annotations:
D:3 Grinder


Message History

Grinder is lightly wounded.
Grinder gestures at you. You resist with significant effort.
Grinder barely misses you.
You barely miss Grinder. Grinder gestures at you.
You suddenly lose the ability to move!
Grinder says, "Wait up."
Grinder completely misses you.
You can move again.
You barely miss Grinder. Grinder gestures at you.
You shrug off the repeated paralysis!
You barely miss Grinder.
Grinder rolls her eyes.
Grinder hits you!
You writhe in agony.
Grinder hits you.
* * * LOW HITPOINT WARNING * * *
You writhe in agony.
* * * LOW HITPOINT WARNING * * *
You closely miss Grinder.
Grinder blinks!
You feel very mighty all of a sudden. Grinder gestures at you.
Pain shoots through your body!
* * * LOW HITPOINT WARNING * * *
You hit Grinder.
Grinder is lightly wounded.
Grinder blinks!
Grinder gestures at you.
You suddenly lose the ability to move!
Grinder blinks!
You can move again.
Grinder blinks!
Grinder gestures at you.
You suddenly lose the ability to move!
Grinder gestures at you. Pain shoots through your body!
* * * LOW HITPOINT WARNING * * *
Grinder gestures at you. Pain shoots through your body!
You die...
Grinder says, "Now the real fun starts!"

.......
##..#...........###.
.......###........#.....##
#.
.#.###.#.....#..#.##....#
.............#.#..###...#
. .........###..........#
#.......##..#..###...#
.#.......##....## #####
.........##...##
..........@.5..#
..........##...#
......†........##
.......##<......#
..#...........#.# #
###.####........ #.
#[..##.... .. .........
.## ....##


You could see Grinder.

Vanquished Creatures
  An orc priest (D:3)
  2 adders
  A dart slug (D:2)
  4 orcs (D:3)
  6 ball pythons
  6 endoplasms
  2 giant cockroaches
  5 goblins
  2 jackals (D:3)
  A quokka (D:3)
  2 bats (D:2)
  4 frilled lizards
  6 kobolds
  5 rats
47 creatures vanquished.

Notes
Turn   | Place    | Note
-------+----------+-------------------------------------------
     0 | D:1      | Dittersdorf the Human Fighter began the quest for the Orb.
     0 | D:1      | Reached XP level 1. HP: 18/18 MP: 1/1
    56 | D:1      | Found Qaaple's Weapon Shoppe.
   217 | D:1      | Found Efruhudgh's Antique Weapon Shop.
   221 | D:1      | Reached XP level 2. HP: 24/24 MP: 2/2
   386 | D:1      | Found a faded altar of an unknown god.
   456 | D:1      | Found Asupi's Distillery.
   524 | D:1      | Found Oqutsi Fapt's Antique Weapon Boutique.
   898 | D:2      | Reached XP level 3. HP: 18/29 MP: 3/3
  1168 | D:2      | Found Estra's Magic Scroll Boutique.
  1467 | D:2      | Reached XP level 4. HP: 25/35 MP: 4/4
  1670 | D:3      | Noticed Grinder
  1693 | D:3      | Reached XP level 5. HP: 23/42 MP: 5/5
  1702 | D:3      | Paralysed by Grinder for 2 turns
  1711 | D:3      | Paralysed by Grinder for 4 turns
  1724 | D:3      | Paralysed by Grinder for 4 turns
  1727 | D:3      | Killed from afar by Grinder

Illustrated notes

Levels and vault maps discovered:
D:1:      sevenhm_arrival_forest_fort_small_4, layout_loops_ring, serial_shops,
          shop, nicolae_shop_getting_attention, nicolae_shop_hallway_stairs,
          shop, basic_ecumenical_altar
D:2:      layout_basic, serial_shops, shop
D:3:      layout_rooms, uniq_grinder

Action                     |  1- 3 |  4- 6 || total
---------------------------+-------+-------++-------
  Melee: Long sword        |   108 |    55 ||   163
    Use: Potion            |       |     1 ||     1
 Armour: Scale mail        |    70 |    44 ||   114
  Dodge: Dodged            |    47 |    23 ||    70
  Block: Buckler           |    21 |    10 ||    31

Table legend: (Time is in decaauts)
 A = Elapsed time spent in this place.
 B = Non-inter-level travel time spent in this place.
 C = Inter-level travel time spent in this place.
 D = Time resting spent in this place.
 E = Time spent auto-exploring this place.
 F = Levels seen in this place.
 G = Mean time per level.
                   A        B        C        D        E       F      G
               +--------+--------+--------+--------+--------+-----+--------+
         Total |   1785 |   1691 |     94 |     42 |   1287 |   3 |  595.0 |
       Dungeon |   1785 |   1691 |     94 |     42 |   1287 |   3 |  595.0 |
               +--------+--------+--------+--------+--------+-----+--------+

Top non-repeatable levels by time:
     D:1: 810 daAuts
     D:2: 792 daAuts
     D:3: 182 daAuts
